Unix NetHack Version 5.0.0-0 post-release - last build Jun 10 2026 00:39:30 (3ee93aec679c4c4259841fe613dc97188e26a321,branch:main).

Game began 2026-06-14 01:28:17, ended 2026-06-14 03:34:15.

Brudee, chaotic female human Rogue

                                 ------
                  ----           |....|
                  |..|           --..--                             ---
                  |..---          |.-          ----------------------.--
                  --...------     |.|         --.--....................|----
                   |........---   |.|       ---....(-----------------..--..|
                   ----.......|   |.|       |......--               --#..(.|
                      --......|   |.|       |........----..--      -----..-
                       |......--  |.|    ----..   --...rrr..--     -^- ---
                       |.......-- |.|    |....-    ---))@......    ...|
                       |........--|.------.----      ...er.....-----..--  ---
                       --....<...--..|.....|        --............--....--..|
                        --........[.....----        |........----...........|
                         |........)....^-          --....(..*----...........-
                         |...............       ---|..........--.............|
                         --.>............       |.---....................0...|
                          -..........^.         .....-......---.|............-
                          ...0.--.....-         |.........0-- ----.|.........
                           --.    -..-          --.-------         --.------
                                  ---                               ---
Brudee the Rogue        St:14 Dx:17 Co:17 In:9 Wi:14 Ch:6  Chaotic S:4122
Dlvl:4  $:120 HP:0(52) Pw:39(39) AC:3  Xp:7/837 T:4485  Hungry  

Latest messages:
 In what direction? h
 You throw 3 daggers.
 The 1st dagger hits the wererat!
 The 2nd dagger hits the wererat.
 The 3rd dagger hits the wererat!
 The wererat bites!
 You feel feverish.
 You hit the wererat.
 You hit the wererat.
 The wererat bites!
 You miss the wererat.
 You hit the wererat.
 The wererat summons help!
 A giant rat suddenly appears next to you!
 A giant rat suddenly appears next to you!
 A rabid rat suddenly appears next to you!
 A giant rat suddenly appears next to you!
 The wererat misses!
 You hit the wererat.
 You kill the wererat!
 The giant rat bites!
 The rabid rat bites!
 The giant rat bites!
 The giant rat bites!
 You hit the giant rat.
 You miss the giant rat.
 The giant rat bites!
 The rabid rat bites!
 The giant rat bites!
 You hit the giant rat.
 You miss the giant rat.
 The giant rat misses!
 The rabid rat bites!
 The giant rat just misses!
 The giant rat bites!
 You miss the giant rat.
 You hit the giant rat.
 The giant rat bites!
 The rabid rat bites!
 The giant rat misses!
 The giant rat misses!
 You hit the rabid rat.
 You miss the rabid rat.
 The giant rat bites!
 The rabid rat bites!
 The giant rat bites!
 The giant rat bites!
 You die...
 Do you want your possessions identified? [ynq] (y) y
 Do you want to see your attributes? [ynq] (y) q

Inventory:
 Coins    ('$')
  $ - 120 gold pieces
 Amulets  ('"')
  F - an uncursed amulet of reflection (being worn)
 Weapons  (')')
  e - a +0 dagger (wielded in left hand)
  D - 4 +0 daggers (at the ready)
  q - the +1 Sting (wielded in right hand)
 Armor    ('[')
  l - an uncursed +0 dwarvish iron helm (being worn)
  m - an uncursed +0 pair of jumping boots (being worn)
  o - an uncursed +0 oilskin cloak (being worn)
  c - an uncursed +1 leather armor (being worn)
 Comestibles  ('%')
  J - a cursed tripe ration
 Scrolls  ('?')
  C - an uncursed scroll of confuse monster
 Potions  ('!')
  s - 3 uncursed potions of healing
  B - a potion of unholy water
 Wands    ('/')
  x - a wand of speed monster (0:7)
 Tools    ('(')
  i - an uncursed bag of holding containing 24 items
  g - an uncursed blindfold
  r - an uncursed lock pick
  A - a cursed magic whistle

Contents of the bag of holding:
  374 gold pieces
  a +0 arrow
  4 poisoned +0 arrows
  10 +0 daggers
  a +0 short sword
  a cursed fortune cookie
  an uncursed scroll of blank paper
  a cursed scroll of confuse monster
  an uncursed spellbook of light
  2 uncursed potions of booze
  an uncursed potion of extra healing
  3 uncursed potions of fruit juice
  2 blessed potions of healing
  an uncursed potion of invisibility
  an uncursed potion of sickness
  a cursed -1 ring of gain strength
  a cursed ring of invisibility
  an empty uncursed sack
  a +0 pick-axe
  an uncursed tin whistle
  a tinning kit (0:37)
  2 uncursed worthless pieces of black glass
  an uncursed worthless piece of green glass
  2 uncursed worthless pieces of white glass

Brudee the Rogue's attributes:

Background:
 You were a Rogue, level 7 female human.
 You were chaotic, on a mission for Kos
 who was opposed by Issek (lawful) and Mog (neutral).
 You were right-handed.
 You were in the Gnomish Mines, on level 4.
 You entered the dungeon 4485 turns ago.
 It was nighttime.
 There was a new moon in effect when your adventure ended.
 You had 837 experience points, 443 more were needed to attain level 8.
 Your score was 4122 before end-of-game adjustments.

Basics:
 You had 0 out of 52 hit points.
 You had all 39 energy points (spell power).
 Your armor class was 3.
 Your wallet contained 120 zorkmids, and
 you had 374 more stashed away in your pack.
 Autopickup was on for '$!=+?/"' plus thrown.

Final Characteristics:
 Your strength was 14 (limit:18/100).
 Your dexterity was 17 (limit:18).
 Your constitution was 17 (limit:18).
 Your intelligence was 9 (limit:18).
 Your wisdom was 14 (limit:18).
 Your charisma was 6 (limit:18).

Final Status:
 You were hungry.
 You were unencumbered.
 You were wielding two weapons at once.
 Your skill in dagger was limited by being basic with two weapons.

Final Attributes:
 You were piously aligned.
 You were fire resistant.
 You were level-drain resistant.
 You were telepathic.
 You were aware of the presence of orcs.
 You were stealthy.
 You could jump.
 You were guarded.
 You were a wererat.
 You were harmed by silver.
 You had reflection.
 You are dead.

Miscellaneous:
 You didn't encounter any bones levels.
 Total elapsed playing time was 1 hour, 26 minutes and 54 seconds.

Major events:
 Turn
    1: Brudee the chaotic female human Rogue entered the dungeon
  467: entered the Gnomish Mines
  497: attained the rank of Cutpurse (level 3)
  743: became literate by naming Sting
 1329: reached Mine Town
 1628: attained the rank of Rogue (level 6)
 4485: killed by a giant rat

You didn't know any spells.

Skills:
 Fighting Skills
   bare handed combat [Unskilled]
   two weapon combat  [Basic]
   riding             [Unskilled]
 Weapon Skills
   dagger             [Expert]
   knife              [Unskilled]
   short sword        [Basic]
   broadsword         [Unskilled]
   long sword         [Unskilled]
   two-handed sword   [Unskilled]
   saber              [Unskilled]
   club               [Unskilled]
   mace               [Unskilled]
   morning star       [Unskilled]
   flail              [Unskilled]
   hammer             [Unskilled]
   polearms           [Unskilled]
   spear              [Unskilled]
   crossbow           [Unskilled]
   dart               [Unskilled]
   shuriken           [Unskilled]
 Spellcasting Skills
   divination spells  [Unskilled]
   escape spells      [Unskilled]
   matter spells      [Unskilled]

Voluntary challenges:
 Character rerolling was not enabled.
 You never genocided any monsters.
 You never polymorphed an object.
 You never changed form.
 You used no wishes.
Achievements:
 You entered the Gnomish Mines.
 You attained the rank of Cutpurse.
 You entered Minetown.
 You entered a shop.
 You entered a temple.
 You attained the rank of Rogue.

 The Dungeons of Doom: levels 1 to 6
    Level 1:
       A grave.
    Level 2:
       A grave.
       Stairs down to The Gnomish Mines.
    Level 3:
       Some fountains.
    Level 4:
       A fountain.
    Level 5:
    Level 6:
 The Gnomish Mines: levels 3 to 6
    Level 3:
    Level 4: <- You were here.
       Final resting place for
          you, killed by a giant rat.
    Level 5:
       Many shops, a temple and an altar, some fountains.
    Level 6:


Vanquished creatures:
  a small mimic
  2 leprechauns
  a mountain nymph
  a fog cloud
  5 gnome leaders
  2 gnomish wizards
  a ghoul
  a little dog
  a floating eye
  8 dwarves
  3 kobold leaders
  8 hill orcs
  3 rothes
  a rabid rat
  a centipede
  a dwarf zombie
  2 wererats
  3 iguanas
  a gas spore
  a hobbit
  a hobgoblin
  8 giant rats
  2 cave spiders
  a green mold
  a red mold
 26 gnomes
  a gecko
  2 jackals
  a kobold
  3 goblins
  5 sewer rats
  2 grid bugs
  a bat
  2 kobold zombies
  5 newts
108 creatures vanquished.

No species were genocided or became extinct.

Game over:
                       ----------
                      /          \
                     /    REST    \
                    /      IN      \
                   /     PEACE      \
                  /                  \
                  |      Brudee      |
                  |      494 Au      |
                  |   killed by a    |
                  |    giant rat     |
                  |                  |
                  |                  |
                  |       2026       |
                 *|     *  *  *      | *
        _________)/\\_//(\/(/\)/\//\/|_)_______

Goodbye Brudee the Rogue...

You died in The Gnomish Mines on dungeon level 4 with 4073 points,
and 494 pieces of gold, after 4485 moves.
You were level 7 with a maximum of 52 hit points when you died.

